 Dungeon Crawl Stone Soup version 0.28.0 (webtiles) character file.

Game seed: 17466135183218518056

81 milker the Ducker (level 4, -13/34 HPs)
             Began as a Djinni Gladiator on Feb 15, 2022.
             Mangled by an ogre (21 damage)
             ... on level 2 of the Dungeon.
             The game lasted 00:16:34 (2923 turns).

milker the Ducker (Djinni Gladiator)                Turns: 2923, Time: 00:16:35

Health: -13/34     AC:  6    Str: 13    XL:     4   Next: 67%
Gold:   77         EV: 13    Int: 11    God:
                   SH:  0    Dex: 15

rFire   + + .      SeeInvis .   o - staff of earth
rCold   x . .      Faith    .   (no shield)
rNeg    + . .      Spirit   .   i - +1 leather armour {rN+}
rPois   ∞          Reflect  .   c - +0 helmet
rElec   .          Harm     .   x - +0 cloak
rCorr   .          Rampage  .   (no gloves)
Will    .....                   (boots unavailable)
Stlth   +.........              (no amulet)
HPRegen 0.11/turn               (no ring)
MPRegen 0.00/turn               (no ring)

@: flying
A: sickness immunity, fire resistance 2, cold vulnerability 1, float, innate
caster, HP casting, extra vitality 1
a: no special abilities


You were on level 2 of the Dungeon.
You visited 1 branch of the dungeon, and saw 4 of its levels.

You collected 77 gold pieces.

Inventory:

Hand Weapons
 a - a +0 long sword
 b - a +0 dagger of venom
 p - a +2 dagger of draining
Missiles
 d - 2 throwing nets (quivered)
 h - 42 stones
 q - 6 poisoned darts
 r - 21 arrows
Armour
 c - a +0 helmet (worn)
 i - a +1 leather armour of positive energy (worn)
 x - a +0 cloak (worn)
Magical Staves
 o - a staff of earth (weapon)
Scrolls
 f - a scroll of brand weapon {unknown}
 j - a scroll of vulnerability {unknown}
 k - a scroll of teleportation {unknown}
 l - a scroll of amnesia {unknown}
 m - a scroll of identify {unknown}
 u - a scroll of blinking {unknown}
 v - a scroll of fog {unknown}
Potions
 e - 2 potions of brilliance {unknown}
 g - a potion of might {unknown}
 n - a potion of curing {unknown}
 s - 2 potions of haste {unknown}
 t - a potion of degeneration {unknown}
 w - a potion of cancellation {unknown}


   Skills:
 + Level 2.9 Fighting
 + Level 3.3 Long Blades
 - Level 2.0 Throwing
 + Level 4.0 Dodging


You had 2 spell levels left.
You knew the following spells:

 Your Spells              Type           Power      Damage    Failure   Level
a - Sting                 Tmut/Pois      0%         1d3       41%         1
Your spell library was empty.

Dungeon Overview and Level Annotations

Branches:
Dungeon (4/15)
 Temple: D:4-7

Altars:
Fedhas
Hepliaklqana
Kikubaaqudgha
Ru
Uskayaw

Annotations:
D:3 exclusion: ogre


Innate Abilities, Weirdness & Mutations

You are immune to sickness and miasma.
You are immune to poison.
Your flesh is very heat resistant. (rF++)
You are vulnerable to cold. (rC-)
You float through the air rather than walking.
You learn spells naturally, not from books.
Your magical power is your life essence.
You have superior vitality. (+4 MHP)


Message History

The hobgoblin hits you but does no damage.
You hit the hobgoblin but do no damage.
The hobgoblin is moderately wounded.
The hobgoblin closely misses you.
The hobgoblin hits you but does no damage.
You slash the hobgoblin!
You kill the hobgoblin!
You see here a hobgoblin corpse.
Unknown command.
You start resting.
HP restored.
Done exploring.
There is a stone staircase leading down here.
You fly downwards.
There is a stone staircase leading up here.
Casting: Sting (safe; 41% risk of failure)
Confirm with . or Enter, or press ? or * to list all spells.
Okay, then.
Okay, then.
Okay, then.
You start putting on your armour.
You continue putting on your +0 cloak. x4
You finish putting on your +0 cloak.
o - a staff of earth (weapon)
Unknown command.
Sorry, you're not good enough to have a special ability.
Done exploring.
Done exploring.
There is a stone staircase leading down here.
You fly downwards.
Level annotation: exclusion: ogre The ogre hits you with a +0 giant club!!
Ouch! That really hurt!
* * * LOW HITPOINT WARNING * * *
There is a stone staircase leading up here.
The ogre closely misses you.
You fly upwards.
There is a stone staircase leading down here.
The ogre hits you with a +0 giant club!!
Ouch! That really hurt!
You die...

...▒ ▒.▒▒..▒.▒▒...▒▒.▒
▒▒▒▒▒▒▒▒.▒▒..▒.▒▒......▒
.........▒▒..▒.▒▒.▒▒▒▒.▒▒
......▒▒▒▒▒..▒.▒▒.......▒
......▒......▒.▒▒▒▒▒▒▒.▒▒
......▒...▒.........▒▒.▒▒
......>.▒.▒▒▒▒.▒▒▒▒.....▒
..▒▒▒▒▒.▒<.....▒▒▒▒▒▒▒▒▒▒
▒.<............OR......▒
▒.▒.▒...▒▒▒▒▒▒▒▒▒▒▒▒▒▒.▒
▒.▒.....▒........▒ ▒.▒
▒.▒▒▒▒..▒.▒▒▒▒▒▒.▒ ▒.▒
▒.......▒.▒ ▒.▒ ▒.▒
▒.......▒.▒ ▒.▒ ▒.▒
........▒.▒ ▒.▒ ▒.▒
▒.▒.....▒.▒ ▒.▒ ▒.▒
▒.▒▒.▒▒▒▒.▒ ▒.▒ ▒.▒


You could see an ogre.

Vanquished Creatures
  Terence (D:2)
  An adder (D:1)
  A worm (D:2)
  4 ball pythons
  4 endoplasms (D:1)
  3 giant cockroaches (D:1)
  5 goblins
  4 hobgoblins
  4 jackals (D:1)
  A quokka (D:2)
  2 bats (D:1)
  4 frilled lizards
  3 kobolds (D:1)
  3 rats
40 creatures vanquished.

Notes
Turn   | Place    | Note
-------+----------+-------------------------------------------
     0 | D:1      | milker the Djinni Gladiator began the quest for the Orb.
     0 | D:1      | Reached XP level 1. HP: 18/18 MP: 0/0
   181 | D:1      | Reached XP level 2. HP: 19/23 MP: 0/0
   547 | D:1      | Reached XP level 3. HP: 29/29 MP: 0/0
   547 | D:1      | Learned a level 1 spell: Sting
   707 | D:1      | Found a faded altar of an unknown god.
  1033 | D:2      | Noticed Terence
  1053 | D:2      | Killed Terence
  1054 | D:2      | Reached XP level 4. HP: 10/34 MP: 0/0
  1496 | D:2      | You are sucked into a shaft and drop 2 floors!
  1496 | D:4      | Noticed an ogre
  1527 | D:3      | Found a sacrificial altar of Ru.
  1533 | D:3      | Found a blossoming altar of Fedhas.
  1536 | D:3      | Found a hide-covered altar of Uskayaw.
  1536 | D:3      | Found a hazy altar of Hepliaklqana.
  1782 | D:2      | Reached skill level 4 in Dodging
  2923 | D:2      | Mangled by an ogre

Illustrated notes

Levels and vault maps discovered:
D:1:      tarquinn_simple_flora_water_c, layout_basic,
          shapermc_ecumenical_altar_mp_vishouse, serial_park_tiny_pond
D:2:      layout_basic, supply_closet_lemuel, uniq_terence
D:3:      layout_rooms, nicolae_overflow_hallway_of_the_gods
D:4:      layout_basic, enter_ossuary_1, gammafunk_ghost_mausoleum,
          chequers_jeans

Skill      XL: |  1  2  3  4 |
---------------+-------------+-----
Long Blades    | 3 |  3.3
Throwing       | 2 |  2.0
Dodging        | 4 |  4.0
Fighting       | |  2.9

Action                   |  1- 3 |  4- 6 || total
-------------------------+-------+-------++-------
Melee: Long sword        |    49 |    34 ||    83
Throw: Stone             |    19 |     7 ||    26
       Throwing net      |     5 |       ||     5
       Dart              |       |     1 ||     1
 Cast: Sting             |     4 |     2 ||     6
 Stab: Sleeping          |       |     1 ||     1
Armor: Leather armour    |    20 |    23 ||    43
Dodge: Dodged            |    26 |    56 ||    82
